 Dungeon Sprint DCSS version 0.18-a0-1670-gb40d73e (webtiles) character file.

7521 pipel the Bludgeoner (level 11, -3/214 HPs)
             Began as an Ogre Berserker on Apr 1, 2016.
             Was the Champion of Trog.
             Engulfed by a smoke demon's steam (4 damage)
             ... summoned by an orc high priest
             ... in the Dungeon (Sprint IX: "|||||||||||||||||||||||||||||").
             The game lasted 00:08:07 (706 turns).

pipel the Bludgeoner (Ogre Berserker)                Turns: 706, Time: 00:08:09

Health: -3/214     AC:  3    Str: 37    XL:     11   Next: 16%
Magic:  11/11      EV: 16    Int:  7    God:    Trog [******]
Gold:   677        SH:  0    Dex:  9    Spells: 0 memorised, 10 levels left

rFire  . . .     SeeInvis +     a - +2 morningstar (crush)
rCold  . . .     Gourm    .     s - +0 robe of Osahil {rElec Str+5 Int-2 SInv}
rNeg   . . .     Faith    .     (no shield)
rPois  .         Spirit   .     (helmet restricted)
rElec  +         Dismiss  .     (no cloak)
rCorr  .         Reflect  .     (gloves unavailable)
SustAt .         Harm     .     (boots unavailable)
MR     +++..     NoTele   +     (no amulet)
Stlth  ..........               q - +3 ring of intelligence
                                p - +2 ring of evasion

@: berserking (expiring), regenerating, very quick, extremely resistant to
hostile enchantments, extremely unstealthy
A: unfitting armour, tough skin 1
a: Berserk, Trog's Hand, Brothers in Arms, Burn Spellbooks, Renounce Religion


You were in the Dungeon.
You worshipped Trog.
Trog was exalted by your worship.
You were hungry.

You visited 1 branch You collected 677 gold pieces.

Inventory:

Hand Weapons
 a - a +2 morningstar of crushing (weapon)
 b - a +4 antimagic great mace
 o - a +0 mace
 C - a +4 dire flail of draining
 D - the +6 giant spiked club of Uncertain Death {distort, rF+}
   (Trog gifted it to you in the Dungeon)

   It warps and distorts space around it.
   Unwielding it can cause banishment or high damage.
   It protects you from fire.
Missiles
 x - 4 needles of sleeping
Armour
 s - the +0 robe of Osahil (worn) {rElec Str+5 Int-2 SInv}
   (You found it in the Dungeon)

   It affects your strength (+5).
   It affects your intelligence (-2).
   It insulates you from electricity.
   It lets you see invisible.
 y - a +0 animal skin
Magical Staves
 n - an uncursed staff of energy
Jewellery
 p - a +2 ring of evasion (left hand)
 q - a +3 ring of intelligence (right hand)
Wands
 m - a wand of acid (6/15)
Scrolls
 c - a scroll of identify
 i - 3 scrolls of blinking
 l - 3 scrolls of remove curse
 t - 2 scrolls of enchant weapon
 u - a scroll of recharging
 v - a scroll of fog
Potions
 d - 6 potions of curing
 e - 7 potions of heal wounds
 f - a potion of haste
 g - 4 potions of magic
 h - a potion of berserk rage
 j - a potion of brilliance
 k - a potion of invisibility
 r - a potion of cure mutation
Comestibles
 w - 3 chunks of flesh
 z - 13 meat rations
 A - 40 fruits
 B - 12 bread rations


   Skills:
 + Level 18.5 Fighting
 * Level 20.4 Maces & Flails
 + Level 12.8 Dodging
 + Level 0.1 Stealth
 + Level 0.4 Evocations


You had 10 spell levels left.
You didn't know any spells.

Dungeon Overview and Level Annotations

Branches:
Dungeon (1/1)

Altars:
Cheibriados
Dithmenos
Elyvilon
Fedhas
Gozag
Kikubaaqudgha
Makhleb
Nemelex Xobeh
Okawaru
Pakellas
Qazlal
Ru
Sif Muna
Trog
Vehumet
Xom
Yredelemnul
Zin
The Shining One
Beogh
Jiyva
Lugonu


Innate Abilities, Weirdness & Mutations

You are too large for most types of armour.
You have tough skin (AC +1).


Message History

The orc high priest prays to Beogh.
The orc warrior hits you from afar with a trident!
* * * LOW HITPOINT WARNING * * *
You take 11 damage, and have 25/214 hp.
You closely miss the orc high priest.
The orc high priest is heavily wounded.
You closely miss the orc high priest.
The orc high priest is heavily wounded.
The orc high priest completely misses you.
You barely miss the orc high priest.
The orc high priest is heavily wounded.
The smoke demon gestures at you. The ball of steam hits you!
* * * LOW HITPOINT WARNING * * *
The orc warrior barely misses you.
You take 26 damage, and have 1/214 hp.
You puncture the orc high priest!
The orc high priest is severely wounded.
You are engulfed in a cloud of scalding steam.
You die...

▓_▓.▓†▓.▓.▓
▓_▓.▓÷▓.▓.▓
▓_▓.▓.▓.▓.▓
▓_▓.▓†▓.▓.▓
▓_▓.▓.▓.▓.▓
▓_▓.▓÷▓.▓.▓
▓_▓.▓†▓.▓)▓
▓_▓.▓.▓.▓3▓
▓_▓.▓.▓.▓@▓
▓_▓.▓)▓.▓o▓
▓_▓.▓†▓.▓o▓
▓_▓.▓.▓.▓o▓
▓_▓.▓.▓.▓o▓
▓_▓.▓.▓.▓o▓
▓_▓.▓.▓.▓o▓
▓_▓.▓.▓.▓.▓
▓_▓.▓.▓.▓


You could see an orc high priest, a smoke demon and 5 orc warriors.

Vanquished Creatures
  A stone giant (D)
  An ettin (D)
  A hydra (D)
  An ugly thing (D)
  A black mamba (D)
  2 spiny frogs (D)
  2 giant leeches (D)
  A blink frog (D)
  2 yaks (D)
  A hippogriff (D)
  A hungry ghost (D)
  2 vampire mosquitoes (D)
  A soldier ant (D)
  2 water moccasins (D)
  9 orc warriors (D)
  A porcupine (D)
  An ice beast (D)
  4 crocodiles (D)
  A big kobold (D)
  5 giant frogs (D)
  A howler monkey (D)
  A crimson imp (D)
  6 orc priests (D)
  A hound (D)
  3 iguanas (D)
  A shadow imp (D)
  2 adder skeletons (D)
  A dart slug (D)
  A giant gecko (D)
  4 orcs (D)
  A giant cockroach (D)
  2 goblins (D)
  A hobgoblin (D)
  A jackal (D)
  A quokka (D)
67 creatures vanquished.

Notes
Turn   | Place    | Note
--------------------------------------------------------------
     0 | D        | pipel the Ogre Berserker began the quest for the Orb.
     0 | D        | Reached XP level 1. HP: 24/24 MP: 1/1
     9 | D        | Reached ** piety under Trog
    19 | D        | Reached skill level 5 in Fighting
    19 | D        | Reached XP level 2. HP: 32/35 MP: 2/2
    35 | D        | Reached *** piety under Trog
    35 | D        | Reached skill level 6 in Maces & Flails
    35 | D        | Reached XP level 3. HP: 19/45 MP: 3/3
    46 | D        | Reached XP level 4. HP: 16/55 MP: 4/4
    61 | D        | Found a glowing silver altar of Zin.
    61 | D        | Found a glowing golden altar of the Shining One.
    61 | D        | Found an ancient bone altar of Kikubaaqudgha.
    61 | D        | Found a basalt altar of Yredelemnul.
    61 | D        | Found a shimmering altar of Xom.
    61 | D        | Found a radiant altar of Vehumet.
    62 | D        | Found an iron altar of Okawaru.
    63 | D        | Found a burning altar of Makhleb.
    64 | D        | Found a deep blue altar of Sif Muna.
    65 | D        | Found a bloodstained altar of Trog.
    66 | D        | Found a sparkling altar of Nemelex Xobeh.
    67 | D        | Found a white marble altar of Elyvilon.
    68 | D        | Found a roughly hewn altar of Beogh.
    69 | D        | Found a viscous altar of Jiyva.
    70 | D        | Found a corrupted altar of Lugonu.
    71 | D        | Found a blossoming altar of Fedhas.
    72 | D        | Found a snail-covered altar of Cheibriados.
    73 | D        | Found a shadowy altar of Dithmenos.
    74 | D        | Found a stormy altar of Qazlal.
    75 | D        | Found an opulent altar of Gozag.
    76 | D        | Found a sacrificial altar of Ru.
    77 | D        | Found an oddly glowing altar of Pakellas.
   107 | D        | Noticed an orc warrior
   107 | D        | Noticed a big kobold
   107 | D        | Noticed a hungry ghost
   107 | D        | Noticed an ice beast
   110 | D        | Reached skill level 7 in Maces & Flails
   110 | D        | Reached skill level 5 in Dodging
   115 | D        | Killed an orc warrior
   115 | D        | Reached **** piety under Trog
   115 | D        | Reached skill level 9 in Maces & Flails
   115 | D        | Reached XP level 5. HP: 50/68 MP: 5/5
   123 | D        | Killed a big kobold
   123 | D        | Reached skill level 10 in Fighting
   123 | D        | Reached XP level 6. HP: 59/79 MP: 6/6
   127 | D        | Killed a hungry ghost
   127 | D        | Reached skill level 10 in Maces & Flails
   130 | D        | Killed an ice beast
   130 | D        | Reached skill level 11 in Maces & Flails
   130 | D        | Reached XP level 7. HP: 49/91 MP: 7/7
   156 | D        | Noticed a soldier ant
   156 | D        | Noticed a cyan ugly thing
   160 | D        | Killed a soldier ant
   160 | D        | Reached ***** piety under Trog
   181 | D        | Killed a cyan ugly thing
   181 | D        | Reached skill level 12 in Maces & Flails
   181 | D        | Reached XP level 8. HP: 10/105 MP: 8/8
   185 | D        | Reached skill level 13 in Maces & Flails
   297 | D        | Got the +0 robe of Osahil {rElec Str+5 Int-2 SInv}
   323 | D        | Noticed a yak
   328 | D        | Received a gift from Trog
   332 | D        | Killed a yak
   332 | D        | Reached skill level 15 in Fighting
   332 | D        | Reached skill level 10 in Dodging
   337 | D        | Reached skill level 14 in Maces & Flails
   340 | D        | Reached XP level 9. HP: 115/115 MP: 9/9
   353 | D        | Received a gift from Trog
   371 | D        | Noticed a six-headed hydra
   371 | D        | Noticed a spiny frog
   372 | D        | Received a gift from Trog
   385 | D        | Killed a six-headed hydra
   385 | D        | Reached skill level 15 in Maces & Flails
   389 | D        | Reached ****** piety under Trog
   389 | D        | Reached skill level 16 in Maces & Flails
   392 | D        | Noticed a black mamba
   395 | D        | Killed a spiny frog
   396 | D        | Reached XP level 10. HP: 131/131 MP: 10/10
   403 | D        | Killed a black mamba
   405 | D        | Received a gift from Trog
   437 | D        | Noticed a spiny frog
   455 | D        | Reached skill level 17 in Maces & Flails
   460 | D        | Killed a spiny frog
   466 | D        | Reached skill level 18 in Maces & Flails
   590 | D        | Received a gift from Trog
   591 | D        | Noticed a stone giant
   604 | D        | Killed a stone giant
   604 | D        | Reached skill level 19 in Maces & Flails
   622 | D        | Received a gift from Trog
   646 | D        | Got a faintly glowing giant spiked club {god gift}
   663 | D        | Identified the +6 giant spiked club of Uncertain Death {distort, rF+} (Trog gifted it to you in the Dungeon)
   670 | D        | Noticed an ettin
   676 | D        | Noticed an orc high priest
   680 | D        | Killed an ettin
   680 | D        | Reached skill level 20 in Maces & Flails
   680 | D        | Reached XP level 11. HP: 54/143 MP: 11/11
   698 | D        | Received a gift from Trog
   705 | D        | HP: 1/214 [smoke demon/ball of steam[an orc high priest] (26)]
   706 | D        | Engulfed by a smoke demon's steam

Vault maps used:
D:        linesprint

Skill      XL: |  1  2  3  4  5  6  7  8  9 10 |
---------------+-------------------------------+-----
Dodging        | 3 4 6 7 8 9 10 11 12 | 12.8
Fighting       | 5 6 7 9 10 12 14 15 17 18 | 18.5
Maces & Flails | 6 9 11 12 14 16 20 | 20.4
Stealth        | |  0.1
Evocations     | |  0.4

Action                   |  1- 3 |  4- 6 |  7- 9 | 10-12 || total
-------------------------+-------+-------+-------+-------++-------
Melee: Mace              |    34 |     4 |       |       ||    38
       Morningstar       |       |    20 |    73 |   104 ||   197
Invok: Trog's Hand       |     1 |     2 |     5 |     4 ||    12
       Berserk           |     1 |     1 |     3 |     3 ||     8
Evoke: Wand              |       |       |     1 |       ||     1
  Eat: Chunk             |       |       |     2 |     3 ||     5
       Bread ration      |       |       |     1 |       ||     1
